 Dungeon Crawl Stone Soup version 0.30-b1-2-g02819fbbbe (webtiles) character file.

Game seed: 5968340519036669981

1108 ketsa the Cudgeller (level 8, -1/70 HPs)
             Began as an Armataur Fighter on May 16, 2023.
             Was a Believer of Uskayaw.
             Slain by a troll (5 damage)
             ... on level 6 of the Dungeon.
             The game lasted 00:14:05 (4040 turns).

ketsa the Cudgeller (Armataur Fighter)              Turns: 4040, Time: 00:14:06

Health: -1/70      AC:  9    Str: 27    XL:     8   Next: 11%
Magic:  10/10      EV:  7    Int:  9    God:    Uskayaw [**....]
Gold:   161        SH:  4    Dex:  9    Spells: 7/7 levels left

rFire   . . .        a - +0 flail
rCold   . . .        c - +0 buckler
rNeg    . . .        b - +0 scale mail
rPois   .            (no helmet)
rElec   .            (no cloak)
rCorr   .            k - +1 pair of gloves of Bellicose Wonder {Str+3 Int+2}
SInv    .            (no barding)
Will    .....        (no amulet) Stlth
                     (no ring)
HPRegen 0.31/turn    (no ring)
MPRegen 0.12/turn

%: roll
@: no status effects
A: large, rugged brown scales 3, deformed body, armoured tail, roll, long
tongue, awkward tongue, stinger 1, talons 1, dopey 1
a: Renounce Religion, Stomp, Line Pass


You were on level 6 of the Dungeon.
You worshipped Uskayaw.
Uskayaw was noncommittal.
You visited 2 branches of the dungeon, and saw 7 of its levels.

You collected 200 gold pieces.
You spent 39 gold pieces at shops.

Inventory:

Hand Weapons
 a - a +0 flail (weapon)
Missiles
 t - 2 poisoned darts (quivered)
Armour
 b - a +0 scale mail (worn)
 c - a +0 buckler (worn)
 k - the +1 pair of gloves of Bellicose Wonder (worn) {Str+3 Int+2}
   (You found it on level 2 of the Dungeon)

   Str:       It affects your strength (+3).
   Int:       It affects your intelligence (+2).
Jewellery
 d - an amulet of magic regeneration
Wands
 p - a wand of iceblast (5)
 r - a wand of charming (6)
 s - a wand of mindburst (14)
Scrolls
 e - 3 scrolls of noise {unknown}
 g - a scroll of magic mapping {unknown}
 i - 2 scrolls of enchant armour {unknown}
 j - 3 scrolls of teleportation
 m - 3 scrolls of fog {unknown}
 o - a scroll of poison {unknown}
Potions
 n - a potion of ambrosia


   Skills:
 - Level 4.1 Fighting
 * Level 6.9 Maces & Flails
 + Level 3.7 Armour
 - Level 5.0 Shields
 + Level 3.2 Invocations


You had 7 spell levels left.
You didn't know any spells.
Your spell library contained the following spells:

 Spells                   Type           Power      Damage    Failure   Level
 Ensorcelled Hibernation  Hex/Ice        0%         N/A       83%         2
 Spider Form              Tmut/Pois      0%         N/A       97%         3
 Vhi's Electric Charge    Tloc/Air       0%         N/A       97%         3
 Anguish                  Hex/Necr       0%         N/A       100%        4
 Arcjolt                  Conj/Air       0%         1d10      100%        5
 Maxwell's Capacitive Co  Air            0%         ∞         100%        8


Dungeon Overview and Level Annotations

Branches:
Dungeon (6/15) Zot: 25546  Temple (1/1) D:5 Zot: 5761

Altars:
Ashenzari
Fedhas
Gozag
Hepliaklqana
Nemelex Xobeh
Okawaru
Qazlal
Ru
Trog
Uskayaw
Vehumet
Wu Jian
Xom
Zin
The Shining One

Shops:
D:1 *   D:2 [   D:5 =[

Annotations:
D:3 Grinder


Innate Abilities, Weirdness & Mutations

You are completely covered in rugged brown scales. (AC +3, +7% HP)
Armour fits poorly on your strangely shaped body.
You have a long armoured tail.
You roll when moving toward enemies. (Rampage)
Your long tongue fully drains potion bottles. (2x potion effects)
Your tongue gives you trouble enunciating. (1.5x scroll delay)
Your tail ends in a venomous barb.
You have sharp toenails.
You are dopey. (Int -2)


Message History

The troll barely misses you.
It was a potion of ambrosia.
You are confused.
You feel invigorated.
You slurp down every last drop of the potion of ambrosia!
The troll barely misses you. The troll claws you.
* * * LOW HITPOINT WARNING * * *
The troll claws you.
* * * LOW HITPOINT WARNING * * *
You hit the troll. Your kick misses the troll.
The troll is almost dead.
The troll bites you!
* * * LOW HITPOINT WARNING * * *
The troll barely misses you. x2
You can now pass through a line of other dancers.
It was a potion of flight.
You feel very buoyant.
You fly up into the air.
You slurp down every last drop of the potion of flight!
The troll barely misses you. The troll closely misses you. The troll claws you.
* * * LOW HITPOINT WARNING * * *
It was a potion of brilliance.
You feel clever all of a sudden.
You slurp down every last drop of the potion of brilliance!
The troll bites you!
* * * LOW HITPOINT WARNING * * *
The troll claws you.
* * * LOW HITPOINT WARNING * * *
The troll barely misses you.
You are too confused!
You are too confused!
Your magical effects are unravelling.
You feel magically purged.
You slurp down every last drop of the potion of cancellation!
You feel less invigorated.
You float gracefully downwards.
You feel less confused.
You feel a little less clever now. The troll bites you.
* * * LOW HITPOINT WARNING * * *
The troll claws you.
You die...

#..........
........ #......
#....# #....#
#.<..# ##<..##
#....# #@...#
#T...## #.(...#
##....# # #....##
####.# #.....#
##....#
#.....###.....#
##..(.##..###....
#........# ....


You could see a troll.

Vanquished Creatures
  An ice beast (D:6)
  A black bear (D:5)
  A centaur (D:5)
  An ogre (D:5)
  A phantom (D:5)
  A kobold brigand (D:5)
  A howler monkey (D:5)
  4 jellies
  A gnoll bouda (D:5)
  An orc priest (D:4)
  2 hounds (D:5)
  A sleepcap (D:6)
  2 iguanas (D:5)
  Natasha (twice) (D:3)
  Robin (D:2)
  7 gnolls
  4 adders
  A white imp (D:5)
  2 worms
  3 dart slugs
  8 orcs (D:4)
  2 bats
  6 endoplasms
  A giant cockroach (D:2)
  3 hobgoblins
  2 quokkas (D:2)
  3 ball pythons
  3 frilled lizards
  16 goblins
  10 kobolds
  5 rats
97 creatures vanquished.

Notes
Turn   | Place    | Note
-------+----------+-------------------------------------------
     0 | D:1      | ketsa the Armataur Fighter began the quest for the Orb.
     0 | D:1      | Reached XP level 1. HP: 19/19 MP: 1/1
    83 | D:1      | Reached skill level 2 in Maces & Flails
   204 | D:1      | Reached XP level 2. HP: 24/26 MP: 2/2
   501 | D:1      | Found Vanod's General Store.
   509 | D:1      | Bought a scroll of teleportation for 39 gold pieces
   603 | D:2      | Identified the +1 pair of gloves of Bellicose Wonder {Str+3
                  | Int+2}
   619 | D:2      | Noticed Robin
   634 | D:2      | Found a bloodstained altar of Trog.
   802 | D:2      | Killed Robin
   803 | D:2      | Reached XP level 3. HP: 24/32 MP: 3/3
   825 | D:2      | Reached skill level 3 in Maces & Flails
   845 | D:2      | Gained mutation: You occasionally lose the ability to drink
                  | potions when taking damage. [potion of mutation]
   845 | D:2      | Gained mutation: Your tail ends in a venomous barb. [potion
                  | of mutation]
   845 | D:2      | Gained mutation: You occasionally shout uncontrollably at
                  | your foes. [potion of mutation]
   845 | D:2      | Gained mutation: You are dopey. (Int -2) [potion of
                  | mutation]
   845 | D:2      | Lost mutation: You are dopey. (Int -2) [potion of mutation]
   845 | D:2      | Gained mutation: You are vulnerable to cold. (rC-) [potion
                  | of mutation]
   845 | D:2      | Gained mutation: You have large cloven feet. [potion of
                  | mutation]
   901 | D:2      | Lost mutation: You are vulnerable to cold. (rC-) [potion of
                  | mutation]
   901 | D:2      | Lost mutation: Your tail ends in a venomous barb. [potion
                  | of mutation]
   901 | D:2      | Lost mutation: You have large cloven feet. [potion of
                  | mutation]
   901 | D:2      | Lost mutation: You occasionally shout uncontrollably at
                  | your foes. [potion of mutation]
   901 | D:2      | Lost mutation: You occasionally lose the ability to drink
                  | potions when taking damage. [potion of mutation]
   901 | D:2      | Gained mutation: You have sharp toenails. [potion of
                  | mutation]
   901 | D:2      | Gained mutation: You are dopey. (Int -2) [potion of
                  | mutation]
   901 | D:2      | Gained mutation: Your tail ends in a venomous barb. [potion
                  | of mutation]
   922 | D:2      | Found Vozif's Antique Armour Shop.
  1346 | D:3      | Noticed Natasha
  1352 | D:3      | Killed Natasha
  1353 | D:3      | Reached XP level 4. HP: 31/39 MP: 4/4
  1394 | D:3      | Noticed Natasha
  1397 | D:3      | Killed Natasha
  1464 | D:3      | Reached skill level 4 in Maces & Flails
  1557 | D:3      | Noticed Grinder
  1600 | D:4      | Reached XP level 5. HP: 44/44 MP: 5/5
  1779 | D:4      | Reached skill level 5 in Shields
  1984 | D:4      | Found a bloodstained altar of Trog.
  2102 | D:4      | Reached XP level 6. HP: 52/53 MP: 6/6
  2119 | D:4      | Reached skill level 5 in Maces & Flails
  2342 | D:5      | Entered Level 5 of the Dungeon
  2343 | D:5      | Found a staircase to the Ecumenical Temple.
  2356 | D:5      | Identified the +0 robe of the Apothecary {Drain rElec rC+
                  | SInv}
  2363 | D:6      | Noticed an ice beast
  2369 | Temple   | Entered the Ecumenical Temple
  2592 | Temple   | Became a worshipper of Uskayaw the Reveller
  2640 | D:5      | Reached * piety under Uskayaw
  2641 | D:5      | Reached ** piety under Uskayaw
  2728 | D:5      | Reached skill level 1 in Invocations
  2830 | D:5      | Found Nidoeh's Antique Armour Shop.
  2846 | D:5      | Reached XP level 7. HP: 52/60 MP: 6/8
  2847 | D:5      | Reached *** piety under Uskayaw
  2997 | D:5      | Reached skill level 6 in Maces & Flails
  3660 | D:5      | Found Hiuguuts's Jewellery Emporium.
  3836 | D:6      | Reached XP level 8. HP: 45/70 MP: 10/10
  4007 | D:6      | Noticed a troll
  4039 | D:6      | HP: 2/70 [troll (2)]
  4040 | D:6      | Slain by a troll

Illustrated notes

Levels and vault maps discovered:
D:1:      reono_arrival_forest_river, layout_rooms, serial_shops, shop_statue
D:2:      layout_basic, serial_shops, nicolae_shop_waterfront, basic_altar,
          uniq_robin
D:3:      layout_basic, serial_shops, nicolae_shop_gaudy_bauble,
          basic_ecumenical_altar, chequers_serial_rivers_micro_e,
          dreamdust_wishing_well, due_unseen_surprise, uniq_grinder,
          uniq_natasha
D:4:      layout_loops_ring, lemuel_crystal_altar
D:5:      layout_loops_corners, temple_statues, serial_shops, shop,
          minmay_shop_enchanted_jewellery
D:6:      layout_cave_pods, marbit_many_paths,
          mainiacjoe_overflow_catch_the_wave, mainiacjoe_overflow_boulevard,
          hellmonk_guarded_unrand_lears
Temple:   eino_narrow_crystal_temple

Skill      XL: |  1  2  3  4  5  6  7 |
---------------+----------------------+-----
Maces & Flails | 2 3 4 5 6 |  6.9
Shields        | 4 5 |  5.0
Fighting       | 3 4 |  4.1
Invocations    | 1 3 |  3.2
Armour         | |  3.7

Action                     |  1- 3 |  4- 6 |  7- 9 || total
---------------------------+-------+-------+-------++-------
  Melee: Flail             |   108 |    71 |    92 ||   271
         Tailslap          |    12 |    13 |    12 ||    37
         Kick              |     3 |    19 |    21 ||    43
  Throw: Dart              |       |       |     2 ||     2
 Invoke: Stomp             |       |       |     3 ||     3
         Line Pass         |       |       |     1 ||     1
    Use: Potion            |     5 |       |     9 ||    14
         Scroll            |     1 |       |       ||     1
   Stab: Paralysed         |       |       |     5 ||     5
 Armour: Scale mail        |    61 |    21 |    45 ||   127
  Dodge: Dodged            |    30 |    20 |    43 ||    93
  Block: Buckler           |    27 |    10 |    27 ||    64
